 Dungeon Crawl Stone Soup version 0.19.5 (webtiles) character file.

1151 miragecloak the Basher (level 8, -4/61 HPs)
             Began as a Formicid Abyssal Knight on May 2, 2017.
             Was a Priest of Lugonu.
             Slain by a bullfrog (5 damage)
             ... on level 6 of the Dungeon.
             The game lasted 00:11:04 (8670 turns).

miragecloak the Basher (Formicid Abyssal Knight)    Turns: 8670, Time: 00:11:05

Health: -4/61      AC:  5    Str: 17    XL:     8   Next: 65%
Magic:  11/11      EV: 11    Int: 12    God:    Lugonu [***...]
Gold:   268        SH:  0    Dex: 12    Spells: 0 memorised, 7 levels left

rFire  . . .     SeeInvis +     s - +0 morningstar
rCold  . . .     Gourm    .     b - +0 leather armour
rNeg   . . .     Faith    .     (no shield)
rPois  .         Spirit   .     (helmet unavailable)
rElec  .         Reflect  .     y - +0 cloak
rCorr  .         Harm     .     (no gloves)
MR     .....                    (no boots)
Stlth  +.........               (no amulet)
                                (no ring)
                                f - +1 ring of protection (curse)

@: no status effects
A: permanent stasis, dig shafts and tunnels, four strong arms, antennae 3
a: Dig, Shaft Self, Depart the Abyss, Bend Space, Banish, Renounce Religion


You were on level 6 of the Dungeon.
You worshipped Lugonu.
Lugonu was most pleased with you.
You were very hungry.

You visited 1 branch of the dungeon, and saw 6 of its levels.
You visited the Abyss 1 time.

You collected 268 gold pieces.

Inventory:

Hand Weapons
 s - a +0 morningstar (weapon)
Armour
 b - a +0 leather armour (worn)
 y - a +0 cloak (worn)
 A - a +0 shield
Jewellery
 f - a cursed +1 ring of protection (left hand)
Wands
 a - a wand of confusion (30/48)
Scrolls
 d - 2 scrolls of remove curse {unknown}
 e - a scroll of blinking {unknown}
 h - a scroll of enchant armour {unknown}
 i - 2 scrolls of fear {unknown}
 k - a scroll of recharging {unknown}
 o - 6 scrolls of identify {unknown}
 p - 4 scrolls of teleportation {unknown}
 q - 2 scrolls of enchant weapon {unknown}
 u - 2 scrolls of fog {unknown}
 v - a scroll of amnesia {unknown}
Potions
 n - 3 potions of agility {unknown}
 r - 4 potions of flight {unknown}
 t - a potion of berserk rage {unknown}
 w - a potion of brilliance {unknown}
 x - a potion of ambrosia {unknown}
 z - a potion of might {unknown}
Comestibles
 c - 3 bread rations
 g - a slice of pizza
 j - a beef jerky
 l - 4 fruits
 m - 3 meat rations


   Skills:
 - Level 4.3 Fighting
 * Level 9.0 Maces & Flails
 - Level 2.1 Armour
 - Level 0.8 Dodging
 + Level 4.4 Invocations


You had 7 spell levels left.
You didn't know any spells.

Dungeon Overview and Level Annotations

Branches:
Dungeon (6/15)             Temple (0/1) D:5

Altars:
Dithmenos
Elyvilon
Fedhas
Makhleb

Shops:
D:5 (

Annotations:
D:4 Dowan, Duvessa


Innate Abilities, Weirdness & Mutations

You are under a permanent stasis effect.
You can dig through walls and to a lower floor.
Your four strong arms can wield two-handed weapons with a shield.
You have a pair of large antennae on your head. (SInv)


Message History

You barely miss the centaur.
The centaur is severely wounded.
You are feeling very hungry.
The hound barely misses you.
The bullfrog hits you but does no damage.
The hound bites you. The centaur hits you.
You hit the centaur.
The centaur is severely wounded.
The bullfrog hits you.
* * * LOW HITPOINT WARNING * * *
The centaur hits you.
* * * LOW HITPOINT WARNING * * *
The hound barely misses you. The bullfrog barely misses you.
The hound bites you.
* * * LOW HITPOINT WARNING * * *
The centaur hits you.
* * * LOW HITPOINT WARNING * * *
Are you sure you want to shaft yourself?
You feel quite a bit more hungry. The bullfrog hits you.
You die...

#..#.#
#####....#
........#..
........#(#
.......#.# .
......#.##
.# #cF..#..#
..# #@h#.#..
..
##.#.%#.##.#
#.(#(.#....#
#...##(.####
#.......#
#.....###
#.##### ##)#
##..#


You could see a bullfrog, a centaur and a hound.

Vanquished Creatures
  An ogre (D:4)
  2 phantoms
  The ghost of Goblin1989 the Firebug, an amateur DsFE (D:3)
  Blork the orc (D:4)
  A bullfrog (D:5)
  A howler monkey (D:3)
  An orc priest (D:3)
  A bullfrog skeleton (D:4)
  A centaur skeleton (D:5)
  2 hounds
  7 orc wizards
  A worker ant (D:6)
  A hound skeleton (D:3)
  12 adders
  3 gnolls
  A shadow imp (D:6)
  2 oozes (D:5)
  5 worms
  2 dart slugs
  4 leopard geckos
  25 orcs
  6 bats
  A giant cockroach (D:3)
  4 goblins
  4 hobgoblins
  4 jackals (D:2)
  8 kobolds
  A quokka (D:3)
  4 frilled lizards
  A jackal skeleton (D:5)
  5 rats
113 creatures vanquished.

Notes
Turn   | Place    | Note
-------+----------+-------------------------------------------
     0 | Abyss:1  | miragecloak the Formicid Abyssal Knight began the quest for the Orb.
     0 | Abyss:1  | Reached XP level 1. HP: 18/18 MP: 2/2
    51 | Abyss:1  | Noticed a demonic crawler
    51 | D:1      | Escaped the Abyss
   242 | D:1      | Reached XP level 2. HP: 14/24 MP: 3/3
   861 | D:2      | Reached skill level 3 in Maces & Flails
   872 | D:2      | Reached * piety under Lugonu
  1084 | D:2      | Reached XP level 3. HP: 29/29 MP: 4/4
  1680 | D:2      | Found a burning altar of Makhleb.
  1693 | D:2      | Reached skill level 4 in Maces & Flails
  1693 | D:2      | Reached XP level 4. HP: 16/37 MP: 5/5
  2424 | D:3      | Reached XP level 5. HP: 32/42 MP: 6/6
  2451 | D:3      | Noticed Goblin1989's ghost (amateur DsFE)
  3085 | D:3      | Reached ** piety under Lugonu
  3151 | D:3      | Reached skill level 5 in Maces & Flails
  3544 | D:3      | Reached XP level 6. HP: 36/49 MP: 7/7
  3569 | D:3      | Killed Goblin1989's ghost
  4004 | D:3      | Found a blossoming altar of Fedhas.
  4409 | D:4      | Noticed Blork the orc
  4420 | D:3      | Reached skill level 6 in Maces & Flails
  4943 | D:4      | Noticed Dowan
  5109 | D:3      | Reached XP level 7. HP: 43/55 MP: 8/8
  5199 | D:4      | Noticed Duvessa
  5292 | D:3      | Reached skill level 7 in Maces & Flails
  5645 | D:4      | Killed Blork the orc
  6287 | D:4      | Found a white marble altar of Elyvilon.
  6315 | D:5      | Entered Level 5 of the Dungeon
  6473 | D:5      | Found a staircase to the Ecumenical Temple.
  6484 | D:5      | Found Xim Wuov's Weapon Emporium.
  6554 | D:5      | Reached XP level 8. HP: 51/61 MP: 9/9
  6665 | D:5      | Reached skill level 8 in Maces & Flails
  6857 | D:5      | Found a burning altar of Makhleb.
  6969 | D:5      | Reached *** piety under Lugonu
  6998 | D:5      | Found a shadowy altar of Dithmenos.
  8638 | D:6      | Reached skill level 9 in Maces & Flails
  8669 | D:6      | HP: 1/61 [centaur (5)]
  8670 | D:6      | Slain by a bullfrog

Skill      XL: |  1  2  3  4  5  6  7  8 |
---------------+-------------------------+-----
Maces & Flails | 3 4 5 6 7 9 |  9.0
Fighting       | 4 |  4.3
Invocations    | 4 |  4.4
Armour         | |  2.1
Dodging        | |  0.8

Action                   |  1- 3 |  4- 6 |  7- 9 || total
-------------------------+-------+-------+-------++-------
Melee: Mace              |    87 |    45 |       ||   132
       Morningstar       |       |   158 |   237 ||   395
Invok: Depart the Abyss  |     1 |       |       ||     1
 Abil: Shaft Self        |       |       |     1 ||     1
 Stab: Sleeping          |     1 |       |       ||     1
  Eat: Chunk             |     2 |    12 |    10 ||    24
Armor: Leather armour    |    40 |    63 |    47 ||   150
Dodge: Dodged            |    51 |   119 |   130 ||   300
